 Dungeon Crawl Stone Soup version 0.27-a0-1299-g1ab19c6527 (webtiles) character file.

Game seed: 7376104382051797311

26 mordus the Shield-Bearer (level 3, 0/29 HPs)
             Began as a Formicid Fighter on June 16, 2021.
             Slain by a goblin (1 damage)
             ... on level 1 of the Dungeon.
             The game lasted 00:01:32 (701 turns).

mordus the Shield-Bearer (Formicid Fighter)          Turns: 701, Time: 00:01:32

Health: 0/29       AC:  6    Str: 21    XL:     3   Next: 22%
Magic:  3/3        EV:  8    Int:  7    God:
Gold:   41         SH:  9    Dex: 10    Spells: 2/2 levels left

rFire    . . .     SeeInvis +   a - +0 long sword
rCold    . . .     Faith    .   c - +0 kite shield
rNeg     . . .     Spirit   .   b - +0 scale mail
rPois    .         Reflect  .   (helmet unavailable)
rElec    .         Harm     .   (no cloak)
rCorr    .         Rampage  .   (no gloves)
Will     .....                  (no boots)
Stlth    ..........             (no amulet)
HPRegen  0.09/turn              (no ring)
MPRegen  0.08/turn              (no ring)

@: no status effects
A: permanent stasis, dig shafts and tunnels, antennae 3, four strong arms
a: Dig, Shaft Self


You were on level 1 of the Dungeon.
You visited 1 branch of the dungeon, and saw 1 of its levels.

You collected 41 gold pieces.

Inventory:

Hand Weapons
 a - a +0 long sword (weapon)
Armour
 b - a +0 scale mail (worn)
 c - a +0 kite shield (worn)
Wands
 g - a wand of acid (7)
Scrolls
 f - 2 scrolls of identify {unknown}
Potions
 d - a potion of might
 e - a potion of curing {unknown}


   Skills:
 - Level 3.2 Fighting
 * Level 3.1 Long Blades
 - Level 3.2 Armour
 + Level 4.1 Shields


You had 2 spell levels left.
You didn't know any spells.
Your spell library was empty.

Dungeon Overview and Level Annotations

Branches:
Dungeon (1/15)

Altars:


Innate Abilities, Weirdness & Mutations

You cannot be hasted, slowed, berserked, paralysed or teleported.
You can dig through walls and to a lower floor.
You have a pair of large antennae on your head. (SInv)
Your four strong arms can wield two-handed weapons with a shield.


Message History

The endoplasm hits you but does no damage.
You slash the goblin!
You kill the goblin!
The endoplasm freezes you.
You are frozen.
Your Long Blades skill increases to level 3!
You are too injured to fight recklessly!
You are too injured to fight recklessly!
You are too injured to fight recklessly!
You are too injured to fight recklessly!
You are too injured to fight recklessly!
You slash the endoplasm!
You kill the endoplasm!
The goblin throws a stone.
You block the stone. The goblin hits you with a +0 hand axe.
You see here a quokka corpse.
The goblin hits you with a +0 hand axe.
* * * LOW HITPOINT WARNING * * *
You hit the goblin.
You kill the goblin!
You closely miss the goblin.
The goblin shouts!
The goblin barely misses you.
You riposte.
Your shield prevents you from hitting the goblin.
You hit the goblin.
The goblin is moderately wounded.
The goblin hits you with a +0 club.
* * * LOW HITPOINT WARNING * * *
You block the goblin's attack.
You barely miss the goblin.
The goblin is moderately wounded.
You block the goblin's attack.
You barely miss the goblin.
The goblin is moderately wounded.
The goblin hits you but does no damage. The goblin hits you with a +0 club.
* * * LOW HITPOINT WARNING * * *
You barely miss the goblin.
The goblin is moderately wounded.
The goblin hits you with a +0 club.
You die...

. ..# #........##.
#. #.# #........##.
#.##.# #.......###.
#....###.......##..
###..##........#...
#..........######..
....#).####..# ##.
# ##†## ##.# #.
#@g# #.# #. #....#
#.#######. ##..##
#......... ####
..######. #. #. #)
#. ##


You could see a goblin.

Vanquished Creatures
  3 ball pythons (D:1)
  A bat (D:1)
  3 endoplasms (D:1)
  A giant cockroach (D:1)
  2 goblins (D:1)
  4 jackals (D:1)
  A quokka (D:1)
  3 kobolds (D:1)
  4 rats (D:1)
22 creatures vanquished.

Notes
Turn   | Place    | Note
-------+----------+-------------------------------------------
     0 | D:1      | mordus the Formicid Fighter began the quest for the Orb.
     0 | D:1      | Reached XP level 1. HP: 18/18 MP: 1/1
   296 | D:1      | Reached XP level 2. HP: 13/24 MP: 2/2
   468 | D:1      | Found a faded altar of an unknown god.
   517 | D:1      | Reached skill level 4 in Shields
   673 | D:1      | Reached XP level 3. HP: 28/29 MP: 3/3
   700 | D:1      | HP: 1/29 [goblin (2)]
   701 | D:1      | Slain by a goblin

Illustrated notes

Levels and vault maps discovered:
D:1:      wander_arrival_chamber, layout_loops_cross,
          hellmonk_ecumenical_altar_lost_god, minmay_close_crescents

Skill      XL: |  1  2  3 |
---------------+----------+-----
Shields        | 4 |  4.1
Long Blades    | 3 |  3.1
Fighting       | |  3.2
Armour         | |  3.2

Action                   || total
-------------------------++-------
Melee: Long sword        ||    74
Armor: Scale mail        ||    36
Dodge: Dodged            ||    22
Block: Kite shield       ||    58
       Rpst.: Long sword ||     4

Table legend: (Time is in decaauts)
 A = Elapsed time spent in this place.
 B = Non-inter-level travel time spent in this place.
 C = Inter-level travel time spent in this place.
 D = Time resting spent in this place.
 E = Time spent auto-exploring this place.
 F = Levels seen in this place.
 G = Mean time per level.
                   A        B        C        D        E       F      G
               +--------+--------+--------+--------+--------+-----+--------+
         Total |    733 |    733 |      0 |    116 |    457 |   1 |  733.0 |
       Dungeon |    733 |    733 |      0 |    116 |    457 |   1 |  733.0 |
               +--------+--------+--------+--------+--------+-----+--------+

Top non-repeatable levels by time:
     D:1: 733 daAuts
